 Dungeon Crawl Stone Soup version 0.21.1-1-g345015f (webtiles) character file.

246 Fortress the Ducker (level 5, 0/53 HPs)
             Began as a Troll Fighter on July 2, 2018.
             Killed by divine providence
             ... invoked by an orc priest
              (7 damage)
             ... on level 3 of the Dungeon.
             The game lasted 00:10:00 (1778 turns).

Fortress the Ducker (Troll Fighter)                 Turns: 1778, Time: 00:10:00

Health: 0/53       AC:  5    Str: 25    XL:     5   Next: 84%
Magic:  4/4        EV:  9    Int:  4    God:
Gold:   162        SH:  9    Dex:  9    Spells: 4/4 levels left

rFire    . . .     SeeInvis .   a - +0 war axe
rCold    . . .     Gourm    +   c - +0 shield
rNeg     . . .     Faith    .   b - +0 robe
rPois    .         Spirit   .   (helmet restricted)
rElec    .         Reflect  .   (no cloak)
rCorr    .         Harm     .   (gloves unavailable)
MR       .....                  (boots unavailable)
Stlth    +.........             (no amulet)
HPRegen  0.57/turn              (no ring)
MPRegen  0.09/turn              (no ring)

@: slowed, very slow
A: large, unfitting armour, claws 3, fast metabolism 3, gourmand, regeneration
1, shaggy fur 1, tough skin 2
a: no special abilities


You were on level 3 of the Dungeon.
You were very full.

You visited 1 branch of the dungeon, and saw 4 of its levels.

You collected 162 gold pieces.

Inventory:

Hand Weapons
 a - a +0 war axe (weapon)
Missiles
 k - 127 stones (quivered)
 u - 4 needles of sleeping
Armour
 b - a +0 robe (worn)
 c - a +0 shield (worn)
Scrolls
 i - a scroll of magic mapping
 j - a scroll of enchant weapon {unknown}
 l - 4 scrolls of identify {unknown}
 m - 3 scrolls of remove curse {unknown}
 n - 4 scrolls of teleportation {unknown}
 p - a scroll of fear {unknown}
 v - a scroll of random uselessness {unknown}
Potions
 d - 2 potions of might
 e - a potion of haste {unknown}
 h - a potion of berserk rage {unknown}
 o - a potion of magic {unknown}
 q - a potion of agility {unknown}
 r - a potion of lignification {unknown}
 s - a potion of curing {unknown}
 t - a potion of resistance {unknown}
 w - a potion of heal wounds {unknown}
Comestibles
 f - 7 rations
 g - 4 chunks of flesh


   Skills:
 + Level 3.1 Fighting
 + Level 3.1 Axes
 + Level 3.4 Dodging
 + Level 3.3 Shields


You had 4 spell levels left.
You didn't know any spells.

Dungeon Overview and Level Annotations

Branches:
Dungeon (4/15)
 Temple: D:4-7

Altars:


Innate Abilities, Weirdness & Mutations

You are too large for most types of armour.
You have claws for hands.
Your metabolism is lightning-fast.
You like to eat raw meat.
Your natural rate of healing is unusually fast.
You are covered in fur. (AC +1)
You have very tough skin. (AC +2)


Message History

You block the orc priest's attack. You block the orc wizard's attack.
The orc priest hits you with a falchion.
The orc wizard hits you with a dagger.
The orc priest invokes the aid of Beogh against you.
Beogh smites you! You block the orc wizard's attack. The orc wizard misses you.
The orc priest invokes the aid of Beogh against you.
Beogh smites you!
* * * LOW HITPOINT WARNING * * *
You block the orc wizard's attack.
The orc priest invokes the aid of Beogh against you.
Beogh smites you!
* * * LOW HITPOINT WARNING * * *
As you read the scroll labeled COLUANT XIEFF, it crumbles to dust.
You feel aware of your surroundings.
You sensed 3 altars.
It was a scroll of magic mapping.
The orc priest mumbles some strange prayers to Beogh against you.
Beogh smites you!
You die...

####.#.#*** *,*
#....#..,,* *,*
#.#######,* *,*
#....#..,,* *,*
####.#.#*** *,*
#.#.# *,* #...#
*,* ##.## *,*
#####@#######.*
#.....o.......*
####.###o########*
#....o.o.#
#.##.##### *,*#.**
*,*..,* *,#..,***
*********,...,,,*


You could see 2 orc priests and an orc wizard.

Vanquished Creatures
  The ghost of Eggbaby the Changer, an amateur OpTm of Zin (D:3)
  5 adders
  An ooze (D:1)
  A dart slug (D:3)
  2 leopard geckos
  4 orcs (D:3)
  4 giant cockroaches
  3 goblins (D:1)
  11 hobgoblins
  9 jackals
  10 kobolds
  A quokka (D:2)
  7 bats
  9 frilled lizards
  9 rats
77 creatures vanquished.

Notes
Turn   | Place    | Note
-------+----------+-------------------------------------------
     0 | D:1      | Fortress the Troll Fighter began the quest for the Orb.
     0 | D:1      | Reached XP level 1. HP: 22/22 MP: 0/0
    86 | D:1      | Reached XP level 2. HP: 28/29 MP: 1/1
   452 | D:1      | Reached XP level 3. HP: 35/36 MP: 2/2
  1011 | D:2      | Reached XP level 4. HP: 44/44 MP: 3/3
  1317 | D:3      | Noticed Eggbaby's ghost (amateur OpTm)
  1365 | D:3      | Killed Eggbaby's ghost
  1365 | D:3      | Reached XP level 5. HP: 25/53 MP: 4/4
  1778 | D:3      | Killed from afar by an orc priest

Skill      XL: |  1  2  3  4 |
---------------+-------------+-----
Axes           | 2 3 |  3.1
Dodging        | 3 |  3.4
Shields        | 3 |  3.3
Fighting       | 3 |  3.1

Action                   |  1- 3 |  4- 6 || total
-------------------------+-------+-------++-------
Melee: War axe           |   142 |   132 ||   274
  Use: Scroll            |       |     1 ||     1
  Eat: Chunk             |    16 |     7 ||    23
Armor: Robe              |    79 |    54 ||   133
Dodge: Dodged            |    53 |    50 ||   103
Block: Shield            |   103 |    67 ||   170
